 Dungeon Crawl Stone Soup version 0.29-a0-495-g17b79114eb (webtiles) character file.

Game seed: 8730127408272218775

1564 omnomnOMINOUS the Dealer of Despair (level 8, -5/81 HPs)
             Began as an Octopode Wanderer on May 28, 2022.
             Was an Elder of Kikubaaqudgha.
             Slain by an orc warrior
             ... wielding a +0 trident
              (7 damage)
             ... on level 6 of the Dungeon.
             The game lasted 00:18:37 (7180 turns).

omnomnOMINOUS the Dealer of Despair (OpWn)          Turns: 7180, Time: 00:18:38

Health: -5/81      AC: 24    Str: 14    XL:     8   Next: 89%
Magic:  0/14       EV:  2    Int: 24    God:    Kikubaaqudgha [****..]
Gold:   17         SH:  0    Dex: 19    Spells: 13/15 levels left

rFire   . . .      SeeInvis .   a - +9 rapier of the Dove {freeze, Int+6}
rCold   . . .      Faith    .   (no shield)
rNeg    . . .      Spirit   +   (helmet currently unavailable)
rPois   +          Reflect  .   y - amulet of guardian spirit
rElec   .          Harm     .   e - +6 ring of dexterity
rCorr   .          Rampage  .   o - +6 ring of strength
Will    .....      NoTele   +   (no ring)
Stlth   ++........              (no ring)
HPRegen 0.23/turn               (no ring)
MPRegen 0.14/turn               (no ring)
                                (no ring)
                                (no ring)

@: tree-form, hasted, very quick
A: stationary, stasis, torment immunity, boosted hp, almost no armour,
(amphibious), 8 rings, (camouflage 1), (gelatinous body 1), (nimble swimmer 1),
(tentacles)
a: Renounce Religion, Unearth Wretches


You were on level 6 of the Dungeon.
You worshipped Kikubaaqudgha.
Kikubaaqudgha was greatly pleased with you.
You were a tree.
You visited 1 branch of the dungeon, and saw 6 of its levels.

You collected 251 gold pieces.
You spent 234 gold pieces at shops.

Inventory:

Hand Weapons
 a - the +9 rapier of the Dove (weapon) {freeze, Int+6}
   (You bought it in a shop on level 3 of the Dungeon)

   It freezes those it strikes, dealing additional cold damage.
   It can also slow down cold-blooded creatures.
   Int:       It affects your intelligence (+6).
 b - a +2 short sword of flaming
 c - a +2 short sword of venom
 d - the +2 hand axe "Beetlebane" {flame, rElec Will+ Int-2 Stlth+}
   (You found it on level 3 of the Dungeon)

   It burns those it strikes, dealing additional fire damage.
   Big, fiery blades are also staple armaments of hydra-hunters.
   Int:       It affects your intelligence (-2).
   rElec:     It insulates you from electricity.
   Will:      It increases your willpower.
   Stlth:     It makes you more stealthy.
Missiles
 j - a throwing net (quivered)
 F - a curare-tipped dart
Armour
 g - a +0 hat (melded)
 h - a +0 buckler
Jewellery
 e - a +6 ring of dexterity (left branch)
 o - a +6 ring of strength (right branch)
 y - an amulet of guardian spirit (around neck)
Wands
 B - a wand of paralysis (8)
 E - a wand of acid (10)
Scrolls
 i - a scroll of immolation
 k - a scroll of noise {unknown}
 n - a scroll of poison {unknown}
 q - a scroll of teleportation {unknown}
 t - 2 scrolls of silence
 u - 3 scrolls of enchant weapon
 v - a scroll of blinking {unknown}
 w - a scroll of fear {unknown}
 z - a scroll of torment {unknown}
 A - a scroll of vulnerability {unknown}
 D - 3 scrolls of enchant armour
Potions
 m - a potion of brilliance
 p - 3 potions of attraction
 r - a potion of lignification
 s - a potion of magic {unknown}
 x - a potion of mutation {unknown}
 C - a potion of might {unknown}


   Skills:
 + Level 4.9 Fighting
 + Level 1.3 Short Blades
 + Level 5.0 Dodging
 - Level 2.6 Stealth
 - Level 4.0 Spellcasting
 - Level 2.0 Hexes
 + Level 6.4 Necromancy
 - Level 4.0 Poison Magic


You had 13 spell levels left.
You knew the following spells:

 Your Spells              Type           Power      Damage    Failure   Level
a - Sting                 Tmut/Pois      56%        1d5       4%          1
b - Necrotize             Necr           100%       1d9       1%          1

Your spell library contained the following spells:

 Spells                   Type           Power      Damage    Failure   Level
 Sublimation of Blood     Necr           35%        N/A       1%          2
 Vampiric Draining        Necr           35%        2d8       1%          3
 Slow                     Hex            56%        N/A       4%          1
 Animate Dead             Necr           35%        N/A       7%          4
 Ensorcelled Hibernation  Hex/Ice        18%        N/A       10%         2
 Passwall                 Tmut/Erth      3%         N/A       14%         2
 Ignite Poison            Fire/Tmut/Pois 11%        N/A       17%         3
 Summon Guardian Golem    Hex/Summ       9%         N/A       19%         3
 Agony                    Necr           35%        N/A       19%         5
 Corpse Rot               Necr/Pois/Air  21%        N/A       24%         4
 Swiftness                Air            4%         N/A       28%         3
 Borgnjor's Vile Clutch   Necr/Erth      10%        N/A       58%         5
 Death Channel            Necr           17%        N/A       71%         6
 Simulacrum               Ice/Necr       10%        N/A       99%         6


Dungeon Overview and Level Annotations

Branches:
Dungeon (6/15)
 Temple: D:4-7

Altars:
Ashenzari
Elyvilon
Kikubaaqudgha
Makhleb
Ru
Wu Jian
Xom

Shops:
D:3 [**=(


Innate Abilities, Weirdness & Mutations

You are a tree.
Your roots penetrate the ground, keeping you stationary.
You cannot be teleported.
You are immune to unholy pain and torment.
Your maximum health is greatly increased.
You cannot wear most types of armour.
((You are amphibious.))
You can wear up to eight rings at the same time.
((Your skin changes colour to match your surroundings (Stealth+).))
((Your rubbery body absorbs attacks. (AC +1, EV +1)))
((You are camouflaged when in or above water. (Stealth+)))
((You have tentacles for arms and can constrict up to eight enemies at once.))


Message History

Really quaff the potion of lignification?
Okay, then.
Unknown command.
Okay, then.
Unknown command.
Okay, then.
Unknown command.
Unknown command.
You feel yourself speed up. Something barely misses you.
The orc warrior misses you.
The orc priest miscasts a cantrip.
Really quaff the potion of lignification?
You turn into a tree.
Your +0 hat melds into your body.
Your roots penetrate the ground.
Something hits you but does no damage.
The orc priest casts a cantrip, but nothing happens.
The orc warrior hits you from afar with a +0 trident!
* * * LOW HITPOINT WARNING * * *
Unknown command.
You puncture the orc priest! You freeze the orc priest.
The orc priest is almost dead.
You hear some strange, mumbled words.
A magic dart appears from out of thin air!
The magic dart hits you.
* * * LOW HITPOINT WARNING * * *
The orc priest hits you but does no damage.
The orc warrior hits you but does no damage.
You puncture the orc priest! You freeze the orc priest.
You kill the orc priest!
Kikubaaqudgha accepts your kill.
Your Dodging skill increases to level 5!
Unknown command.
You cannot move.
You puncture something! You freeze something.
The orc warrior hits you from afar with a +0 trident.
* * * LOW HITPOINT WARNING * * *
Something hits you but does no damage.
You closely miss something. Something hits you but does no damage.
The orc warrior hits you from afar with a +0 trident!
You die...
Kikubaaqudgha rasps: "You have failed me!
Welcome... death!"

.#
#....##..####.##
#..#
#...###...##.#
#..# #.#.
#......# ..#
#.#.# #...##.##
..# #.#.#
#.#####[## ..
#.# .#.#
#.#...)...
....####.#
..#......###.#.
.........###.#
#.... #...
....###...♣{##
#)... ###. .
#..o##).###...
#.
............#..
#.
####...##..#.#
#.
##.###....###.#
##
.......[).....#
#
##.###.#)######
# #. #.#)# #
#.#.# #


You could see an orc warrior.

Vanquished Creatures
  A water moccasin (D:6)
  Duvessa (D:5)
  An ice beast (D:6)
  A centaur (D:6)
  A kobold brigand (D:6)
  Blork the orc (D:5)
  2 scorpions
  A necrophage (D:5)
  Dowan (D:5)
  3 wights
  3 orc priests (D:6)
  A gnoll shaman (D:4)
  3 jellies
  3 hounds
  Ijyb (D:4)
  4 orc wizards
  6 gnolls
  8 adders
  A white imp (D:5)
  2 worms (D:3)
  2 dart slugs
  13 orcs
  2 bats
  3 endoplasms
  4 giant cockroaches
  7 hobgoblins
  4 jackals (D:5)
  14 kobolds
  6 quokkas
  5 ball pythons
  3 frilled lizards
  12 goblins
  6 rats
126 creatures vanquished.

Vanquished Creatures (others)
  An orc (D:6)
1 creature vanquished.

Grand Total: 127 creatures vanquished

Notes
Turn   | Place    | Note
-------+----------+-------------------------------------------
     0 | D:1      | omnomnOMINOUS the Octopode Wanderer began the quest for the
                  | Orb.
     0 | D:1      | omnomnOMINOUS set off with the following items: a +0
                  | dagger, a scroll of silence, a +0 hat; and the following
                  | spells available to memorise: Slow, Sting, Ignite Poison,
                  | Summon Guardian Golem, Corpse Rot
     0 | D:1      | Reached XP level 1. HP: 13/13 MP: 2/2
     2 | D:1      | Learned a level 1 spell: Sting
   317 | D:1      | Reached XP level 2. HP: 18/18 MP: 3/3
   618 | D:1      | Found a faded altar of an unknown god.
   628 | D:1      | Prayed at the altar of an unknown god.
   628 | D:1      | Became a worshipper of Kikubaaqudgha
   628 | D:1      | Reached * piety under Kikubaaqudgha
   628 | D:1      | Received a gift from Kikubaaqudgha
  1231 | D:1      | Reached XP level 3. HP: 18/23 MP: 3/5
  1699 | D:3      | Found Oqamoing's Armour Emporium.
  1729 | D:3      | Found Ozisydat's Jewellery Emporium.
  1766 | D:3      | Reached ** piety under Kikubaaqudgha
  1767 | D:3      | Reached skill level 1 in Necromancy
  1833 | D:3      | Identified the +3 scale mail of Ecifev {rElec Int+2 Dex-3}
  1985 | D:3      | Found Kamotell's Antique Weapon Shop.
  2041 | D:3      | Found Ydutut's Assorted Antiques.
  2116 | D:3      | Found Jekaleix's General Store.
  2444 | D:3      | Identified the +2 hand axe "Beetlebane" {flame, rElec Will+
                  | Int-2 Stlth+}
  2484 | D:4      | Noticed a wight
  2484 | D:4      | Noticed a wight
  2513 | D:4      | Noticed a scorpion
  2581 | D:4      | Learned a level 1 spell: Necrotize
  2594 | D:4      | Reached XP level 4. HP: 28/29 MP: 2/6
  2641 | D:3      | Reached skill level 2 in Necromancy
  2641 | D:3      | Reached XP level 5. HP: 23/34 MP: 3/8
  3006 | D:3      | Reached skill level 3 in Necromancy
  3006 | D:3      | Reached XP level 6. HP: 41/41 MP: 9/9
  3840 | D:4      | Found a burning altar of Makhleb.
  3841 | D:4      | Found a white marble altar of Elyvilon.
  3841 | D:4      | Found a sacrificial altar of Ru.
  3846 | D:4      | Found a shimmering altar of Xom.
  3882 | D:4      | Reached *** piety under Kikubaaqudgha
  3882 | D:4      | Received a gift from Kikubaaqudgha
  3883 | D:4      | Reached skill level 4 in Necromancy
  3883 | D:4      | Reached XP level 7. HP: 39/46 MP: 8/11
  4167 | D:4      | Noticed Ijyb
  4176 | D:4      | Killed Ijyb
  4187 | D:4      | Found a broken altar of Ashenzari.
  4378 | D:5      | Entered Level 5 of the Dungeon
  4743 | D:5      | Found an ornate altar of the Wu Jian Council.
  4983 | D:5      | Noticed Blork the orc
  4992 | D:5      | Killed Blork the orc
  5212 | D:5      | Noticed Dowan
  5213 | D:5      | Noticed Duvessa
  5229 | D:5      | Killed Dowan
  5230 | D:5      | Reached skill level 5 in Necromancy
  5230 | D:5      | Reached XP level 8. HP: 39/54 MP: 8/13
  5338 | D:5      | Killed Duvessa
  6073 | D:6      | Reached **** piety under Kikubaaqudgha
  6665 | D:6      | Reached skill level 6 in Necromancy
  6774 | D:3      | Bought an iridescent rapier for 234 gold pieces
  6774 | D:3      | Identified the +9 rapier of the Dove {freeze, Int+6} (You
                  | bought it in a shop on level 3 of the Dungeon)
  7059 | D:6      | Reached skill level 1 in Short Blades
  7177 | D:6      | HP: 3/81 [something/magic dart (3)]
  7179 | D:6      | Reached skill level 5 in Dodging
  7180 | D:6      | Slain by an orc warrior

Illustrated notes

Levels and vault maps discovered:
D:1:      dpeg_arrival_tiny_g, layout_basic, hellmonk_ecumenical_altar_zigzags,
          serial_rivers, chequers_serial_rivers_small_a,
          chequers_serial_rivers_large_b, chequers_serial_rivers_micro_c,
          chequers_serial_rivers_micro_d, chequers_serial_rivers_large_a,
          chequers_serial_rivers_room_a
D:2:      layout_basic, serial_shops, shop, minmay_lizard_pond, uniq_sigmund
D:3:      layout_loops_ring, serial_shops, nicolae_shop_window_shopping,
          nicolae_diamond_shop, nicolae_shop_statue_plus, nicolae_shop_crystal,
          nicolae_shop_temple_entry_statues_fountains
D:4:      layout_rooms, cheibrodos_ashenzari_chains,
          chequers_temple_overflow_statue_of_worship, uniq_ijyb
D:5:      layout_loops_ring, general_overflow_altar, uniq_duvessa,
          uniq_blork_the_orc
D:6:      layout_loops_ring

Skill      XL: |  1  2  3  4  5  6  7  8 |
---------------+-------------------------+-----
Poison Magic   | 4 |  4.0
Necromancy     | 1 2 3 4 5 6 |  6.4
Fighting       | 2 3 4 |  4.9
Dodging        | 2 3 5 |  5.0
Spellcasting   | 2 3 4 |  4.0
Short Blades   | 1 |  1.3
Stealth        | |  2.6
Hexes          | |  2.0

Action                   |  1- 3 |  4- 6 |  7- 9 || total
-------------------------+-------+-------+-------++-------
Melee: Dagger            |    63 |       |       ||    63
       Constrict         |    20 |    14 |    34 ||    68
       Tentacles         |    20 |    12 |    42 ||    74
       Short sword       |    23 |    60 |    98 ||   181
       Punch             |     1 |       |     4 ||     5
       Rapier            |       |       |    23 ||    23
 Cast: Sting             |     6 |    12 |     1 ||    19
       Necrotize         |       |       |     7 ||     7
  Use: Potion            |       |     1 |     5 ||     6
       Scroll            |       |       |     7 ||     7
 Stab: Sleeping          |    12 |     1 |     7 ||    20
Armor: Skin              |    11 |     2 |     6 ||    19
Dodge: Dodged            |    34 |    42 |    92 ||   168

Table legend: (Time is in decaauts)
 A = Elapsed time spent in this place.
 B = Non-inter-level travel time spent in this place.
 C = Inter-level travel time spent in this place.
 D = Time resting spent in this place.
 E = Time spent auto-exploring this place.
 F = Levels seen in this place.
 G = Mean time per level.
                   A        B        C        D        E       F      G
               +--------+--------+--------+--------+--------+-----+--------+
         Total |   7206 |   6685 |    521 |   1670 |   3742 |   6 | 1201.0 |
       Dungeon |   7206 |   6685 |    521 |   1670 |   3742 |   6 | 1201.0 |
               +--------+--------+--------+--------+--------+-----+--------+

Top non-repeatable levels by time:
     D:3: 1706 daAuts
     D:5: 1641 daAuts
     D:1: 1318 daAuts
     D:4: 1152 daAuts
     D:6: 1075 daAuts
     D:2: 311 daAuts
